 Dungeon Crawl Stone Soup version 0.16-a0-3178-g2c88c44 (webtiles) character file.

10 Malachi the Magician (level 2, -2/19 HPs)
             Began as a Mummy Wizard on Dec 16, 2014.
             Slain by Sigmund
             ... wielding a +0 scythe
              (12 damage)
             ... on level 2 of the Dungeon.
             The game lasted 00:02:00 (870 turns).

Malachi the Magician (Mummy Wizard)                  Turns: 870, Time: 00:02:00

Health: -2/19      AC:  3    Str: 10    XL:     2   Next: 10%
Magic:  6/6        EV: 12    Int: 17    God:
Gold:   36         SH:  0    Dex: 10    Spells: 1 memorised, 6 levels left

rFire  x . .     SeeInvis .     i - +0 club
rCold  + . .     Clarity  .     a - +0 robe
rNeg   + + +     SustAb   .     (no shield)
rPois  ∞         Gourm    .     f - +0 helmet
rElec  .         Spirit   .     (no cloak)
rCorr  .         Warding  .     (no gloves)
rMut   .         Stasis   .     (no boots)
MR     .....                    (no amulet)
Stlth  +.........               (no ring)
                                (no ring)

@: confused, not resistant to hostile enchantments, very unstealthy
A: no food or potions, fire vulnerability, restore body, cold resistance 1,
negative energy resistance 3, poison resistance, torment resistance, unbreathing
a: no special abilities


You were on level 2 of the Dungeon.
You were not hungry.

You visited 1 branch of the dungeon, and saw 2 of its levels.

You collected 36 gold pieces.

Inventory:

Hand weapons
 i - a +0 club (weapon)
 j - a +0 dagger of holy wrath
Missiles
 e - 15 stones (quivered)
Armour
 a - a +0 robe (worn)
 b - a +0 hat
 f - a +0 helmet (worn)
Magical devices
 h - a wand of confusion (16)
Scrolls
 d - a scroll of remove curse {unknown}
 g - a scroll of teleportation {unknown}
Books
 c - a book of Minor Magic

   Spells                             Type                      Level
   a - Magic Dart                     Conjuration                  1
   b - Blink                          Translocation                2
   c - Call Imp                       Summoning                    2
   d - Repel Missiles                 Charms/Air                   2
   e - Slow                           Hexes                        2
   f - Conjure Flame                  Conjuration/Fire             3
   g - Mephitic Cloud                 Conjuration/Poison/Air       3


   Skills:
 - Level 1.5 Dodging
 - Level 1.5 Stealth
 - Level 3.0 Spellcasting
 * Level 1.7 Conjurations
   Level 0.7 Summonings
   Level 0.7 Translocations


You had 6 spell levels left.
You knew the following spells:

 Your Spells              Type           Power        Failure   Level  Hunger
a - Magic Dart            Conj           #...         10%         1    N/A

Dungeon Overview and Level Annotations

Branches:
Dungeon (2/15)

Altars:

Annotations:
D:2 Sigmund


Innate Abilities, Weirdness & Mutations

You do not eat or drink.
Your flesh is vulnerable to fire.
Your flesh is cold resistant.
You are immune to negative energy.
Your system is resistant to poisons.
You are immune to unholy pain and torment.
You can survive without breathing.


Message History

Sorry, you're not good enough to have a special ability.
You see here a dagger of holy wrath.
j - a dagger of holy wrath Wield which item (- for none, * to show all)? (? for menu, Esc to quit)
Okay, then.
A hobgoblin and Sigmund come into view.
There are monsters nearby!
There are monsters nearby!
There are monsters nearby!
There are monsters nearby!
Sigmund flickers, as though insubstantial.
Sigmund gestures wildly while chanting.
Sigmund flickers and vanishes!
Deactivating autopickup; reactivate with Ctrl-A.
The puff of flame hits you! The fire burns you terribly! Something hits you.
You are confused.
Something hits you!
Ouch! That really hurt!
You die...

#..#.#########.........
#.<#.#########.################
#>.................÷............
.....#########.#...####.#######
###### #.#.............#
#.#......##.###.# #
#........##.# ## ###......##.###
.# #@.....#....# .#
#......#....# . .# #......#....#
g# .# ####...#....# .# .#
#...###'## .# .# #...###.#### .#
.# ##.........# .# .#
####.........# .# .#
#............##.#


There were no monsters in sight!

Vanquished Creatures
  An ooze (D:2)
  A giant cockroach (D:2)
  A goblin (D:2)
  A hobgoblin (D:2)
  A ball python (D:2)
  2 bats (D:2)
  A giant newt (D:2)
  A kobold (D:2)
  A rat (D:2)
10 creatures vanquished.

Notes
Turn   | Place    | Note
--------------------------------------------------------------
     0 | D:1      | Malachi, the Mummy Wizard, began the quest for the Orb.
     0 | D:1      | Reached XP level 1. HP: 13/13 MP: 4/4
   282 | D:2      | Reached skill level 1 in Conjurations
   647 | D:2      | Reached XP level 2. HP: 19/19 MP: 1/6
   847 | D:2      | Noticed Sigmund
   870 | D:2      | Slain by Sigmund

Action                   || total
-------------------------++-------
Melee: Unarmed           ||    11
       Club              ||     4
 Cast: Magic Dart        ||    23
  Use: Scroll            ||     1
